 Dungeon Crawl Stone Soup version 0.18-a0-43-g402c68f (webtiles) character file.

78 Lurdo the Conjurer (level 4, -6/30 HPs)
             Began as a Mummy Wizard on Nov 6, 2015.
             Mangled by an orc
             ... wielding a +0 hand axe
              (9 damage)
             ... on level 3 of the Dungeon.
             The game lasted 00:18:28 (2791 turns).

Lurdo the Conjurer (Mummy Wizard)                   Turns: 2791, Time: 00:18:28

Health: -6/30      AC:  6    Str: 10    XL:     4   Next: 15%
Magic:  1/8        EV: 12    Int: 18    God:
Gold:   47         SH:  0    Dex: 10    Spells: 1 memorised, 8 levels left

rFire  x . .     SeeInvis .     l - +1 short sword (flame)
rCold  + . .     Clarity  .     a - +0 robe
rNeg   + + +     SustAt   .     (no shield)
rPois  ∞         Gourm    .     b - +0 hat
rElec  .         Spirit   .     n - +2 cloak {Lurdo's Tabard}
rCorr  .         Warding  .     o - +0 pair of gloves
rMut   .         Stasis   .     (no boots)
MR     .....                    (no amulet)
Stlth  ++........               (no ring)
                                (no ring)

@: not resistant to hostile enchantments, unstealthy
A: no food or potions, fire vulnerability, cold resistance 1, negative energy
resistance 3, torment resistance, unbreathing
a: no special abilities


You were on level 3 of the Dungeon.
You were not hungry.

You visited 1 branch of the dungeon, and saw 3 of its levels.

You collected 47 gold pieces.

Inventory:

Hand Weapons
 e - a +0 club
 f - a +0 short sword
 g - a +0 dagger of venom
 h - a +3 hunting sling
 i - a +0 short sword of speed
 l - a +1 short sword of flaming (weapon)
 p - a +0 trident
Armour
 a - a +0 robe (worn)
 b - a +0 hat (worn)
 k - a +0 shield
 n - a +2 cloak (worn) {Lurdo's Tabard}
 o - a +0 pair of gloves (worn)
 q - a +0 leather armour
Scrolls
 d - 2 scrolls of amnesia {unknown}
 j - 2 scrolls of identify {unknown}
Books
 c - a book of Minor Magic

   Spells                             Type                      Level
   a - Magic Dart                     Conjuration                  1
   b - Blink                          Translocation                2
   c - Call Imp                       Summoning                    2
   d - Repel Missiles                 Charms/Air                   2
   e - Slow                           Hexes                        2
   f - Conjure Flame                  Conjuration/Fire             3
   g - Mephitic Cloud                 Conjuration/Poison/Air       3


   Skills:
 - Level 1.5 Dodging
 - Level 1.5 Stealth
 - Level 3.0 Spellcasting
 + Level 3.2 Conjurations
   Level 0.7 Summonings
   Level 0.7 Translocations


You had 8 spell levels left.
You knew the following spells:

 Your Spells              Type           Power        Failure   Level  Hunger
a - Magic Dart            Conj           ##..         4%          1    N/A

Dungeon Overview and Level Annotations

Branches:
Dungeon (3/15)

Altars:


Innate Abilities, Weirdness & Mutations

You do not eat or drink.
Your flesh is vulnerable to fire.
You are immune to poison.
Your flesh is cold resistant.
You are immune to negative energy.
You are immune to unholy pain and torment.
You can survive without breathing.


Message History

Aiming: Magic Dart
Press: ? - help, Shift-Dir - straight line, f/p - jackal
Aim: a jackal (almost dead)
The magic dart hits the jackal.
You kill the jackal!
The adder bites you but does no damage.
Casting: Magic Dart
Confirm with . or Enter, or press ? or * to list all spells.
Aiming: Magic Dart
Press: ? - help, Shift-Dir - straight line, f - hobgoblin
Aim: a hobgoblin, wielding a club The magic dart hits the hobgoblin.
The hobgoblin is moderately wounded.
The orc hits you but does no damage. The adder bites you.
* * * LOW HITPOINT WARNING * * *
The hobgoblin closely misses you.
You hit the orc. You burn the orc.
The orc is almost dead.
The adder barely misses you. The orc hits you with a hand axe!
You die...

#....#.## #....#S.#
#....##h# #....##.##
##.o..##.o###.
#............S
#..h..###..##.
######### #.....##....#
.......@###.....##$...#
......oSg.......##....#
...............?##....#
................##.h..#
................##....#
.(......#############.#
######### .h# #.# ..


You could see an adder, an orc and a hobgoblin.

Vanquished Creatures
  2 adders (D:2)
  An ooze (D:1)
  A worm (D:1)
  A giant gecko (D:2)
  3 orcs
  3 giant cockroaches
  6 goblins
  5 hobgoblins
  2 jackals (D:3)
  A bat (D:1)
  5 giant newts (D:1)
  10 kobolds
  11 rats
51 creatures vanquished.

Notes
Turn   | Place    | Note
--------------------------------------------------------------
     0 | D:1      | Lurdo the Mummy Wizard began the quest for the Orb.
     0 | D:1      | Reached XP level 1. HP: 13/13 MP: 4/4
   247 | D:1      | Reached skill level 1 in Conjurations
   707 | D:1      | Reached XP level 2. HP: 11/19 MP: 0/6
  1351 | D:1      | Reached XP level 3. HP: 24/24 MP: 0/7
  1453 | D:2      | Found a faded altar to an unknown god.
  2226 | D:2      | Reached XP level 4. HP: 30/30 MP: 2/8
  2791 | D:3      | Mangled by an orc

Vault maps used:
D:1:      dpeg_cavernosity, minmay_misc_feat_plants
D:2:      ecumenical_altar_2

Action                   |  1- 3 |  4- 6 || total
-------------------------+-------+-------++-------
Melee: Dagger            |    12 |       ||    12
       Club              |     4 |       ||     4
       Unarmed           |     1 |       ||     1
       Short sword       |     1 |    10 ||    11
 Cast: Magic Dart        |   114 |    26 ||   140
  Use: Scroll            |       |     1 ||     1
